 Dungeon Crawl Stone Soup version 0.30-b1-2-g02819fbbbe (webtiles) character file.

Game seed: 4241299648826505896

2865 LLlMATKO the Cleaver (level 9, 0/82 HPs)
             Began as a Minotaur Berserker on July 1, 2023.
             Was a Priest of Trog.
             Slain by a boulder beetle (15 damage)
             ... on level 7 of the Dungeon.
             The game lasted 00:06:35 (7451 turns).

LLlMATKO the Cleaver (Minotaur Berserker)           Turns: 7451, Time: 00:06:36

Health: 0/82       AC: 21    Str: 26    XL:     9   Next: 47%
Magic:  8/8        EV:  9    Int:  4    God:    Trog [***...]
Gold:   274        SH:  5    Dex: 10    Spells: 8/8 levels left

rFire   . . .        B - +0 hand axe (vamp)
rCold   . . .        (no shield)
rNeg    . . .        v - +0 plate armour {rPois}
rPois   +            (helmet restricted)
rElec   .            b - +0 cloak
rCorr   .            (no gloves)
SInv    .            I - +1 pair of boots {Fly}
Will    .....        F - amulet of reflection Stlth
                     r - +4 ring of protection
HPRegen 0.33/turn    (no ring)
MPRegen 0.11/turn

%: reflection
@: on berserk cooldown, flying, slowed, studying Armour, very slow
A: horns 2, retaliatory headbutt
a: Renounce Religion, Berserk, Trog's Hand


You were on level 7 of the Dungeon.
You worshipped Trog.
Trog was most pleased with you.
You visited 1 branch of the dungeon, and saw 7 of its levels.

You collected 455 gold pieces.
You spent 181 gold pieces at shops.

Inventory:

Hand Weapons
 k - a +2 sling of electrocution
 B - a +0 vampiric hand axe (weapon)
Missiles
 a - a boomerang
 j - 17 poisoned darts (quivered)
Armour
 b - a +0 cloak (worn)
 v - a +0 plate armour of poison resistance (worn)
 I - a +1 pair of boots of flying (worn)
Jewellery
 r - a +4 ring of protection (left hand)
 F - an amulet of reflection (around neck)
Wands
 w - a wand of flame (24)
 C - a wand of charming (6)
 G - a wand of iceblast (10)
 H - a wand of acid (4)
Scrolls
 c - a scroll of poison {unknown}
 d - 4 scrolls of noise {unknown}
 e - 3 scrolls of fear
 f - 4 scrolls of identify {unknown}
 h - 3 scrolls of enchant weapon {unknown}
 n - a scroll of blinking {unknown}
 s - 5 scrolls of immolation {unknown}
 u - 3 scrolls of enchant armour {unknown}
 x - 2 scrolls of teleportation {unknown}
 y - a scroll of magic mapping {unknown}
 z - a scroll of vulnerability {unknown}
 A - a scroll of torment {unknown}
 E - a scroll of butterflies {unknown}
Potions
 i - 4 potions of curing {unknown}
 l - a potion of invisibility {unknown}
 m - a potion of berserk rage {unknown}
 o - 5 potions of heal wounds {unknown}
 p - 3 potions of mutation {unknown}
 q - 2 potions of degeneration {unknown}
 t - 2 potions of haste {unknown}
 D - a potion of ambrosia {unknown}


   Skills:
 + Level 8.6 Fighting
 + Level 8.7 Axes
 + Level 8.7 Armour
 + Level 7.5 Dodging


You had 8 spell levels left.
You didn't know any spells.
Your spell library was empty.

Dungeon Overview and Level Annotations

Branches:
Dungeon (7/15)             Temple (0/1) D:5

Altars:
Makhleb
Sif Muna
Uskayaw
Wu Jian
Xom

Shops:
D:3 *:   D:5 ?   D:7 **

Annotations:
D:4 3 runed translucent doors, zielscheibe's ghost, amateur DsTm
D:7 1 runed translucent door, Termiter's ghost, novice DsNe


Innate Abilities, Weirdness & Mutations

You have a pair of horns on your head.
You reflexively headbutt those who attack you in melee.


Message History

You are too injured to fight recklessly!
You are too injured to fight recklessly!
You are too injured to fight recklessly!
You are too injured to fight recklessly!
You are too injured to fight recklessly!
You are too injured to fight recklessly!
You are too injured to fight recklessly!
You are too injured to fight recklessly!
You are too injured to fight recklessly!
You hit the boulder beetle but do no damage.
You headbutt the boulder beetle, but do no damage.
The boulder beetle is lightly wounded.
The boulder beetle bites you!
* * * LOW HITPOINT WARNING * * *
You hit the boulder beetle but do no damage.
The boulder beetle is lightly wounded.
The boulder beetle barely misses you. The boulder beetle bites you!
* * * LOW HITPOINT WARNING * * *
You hit the boulder beetle but do no damage.
The boulder beetle is lightly wounded.
The boulder beetle bites you but does no damage.
You completely miss the boulder beetle.
The boulder beetle is lightly wounded.
The boulder beetle bites you.
* * * LOW HITPOINT WARNING * * *
You barely miss the boulder beetle. You headbutt the boulder beetle.
The boulder beetle is lightly wounded.
You block the boulder beetle's attack.
The boulder beetle bites you but does no damage.
You hit the boulder beetle but do no damage.
The boulder beetle is lightly wounded.
The boulder beetle bites you but does no damage.
You hit the boulder beetle.
You feel better.
The boulder beetle is lightly wounded.
You block the boulder beetle's attack.
You hit the boulder beetle but do no damage.
The boulder beetle is lightly wounded.
The boulder beetle bites you!
You die...

.##...####..###......#*,,********
.##...####..###......#####,*,*,,,
....).........#...........,*,,,*,
..............#..........#,,,*,*,
.##...........#..........#,,,*,*,
.##.....#######......##...,*,,,*,
.#########...##......#*,.#,*,*,,,
.............##)B....##",#*******
.............#..@>...'..,,,,,,,,,
.............#.......#..,,,,,,,,,
.............#.......#..,,,,,,,,,
######################***********


You could see a boulder beetle.

Vanquished Creatures
  A slime creature (D:7)
  A wraith (D:7)
  2 water moccasins (D:6)
  3 black bears
  A sky beast (D:7)
  2 ice beasts (D:7)
  5 ogres
  2 phantoms
  A kobold brigand (D:6)
  A bullfrog (D:7)
  2 scorpions (D:4)
  6 killer bees (D:7)
  3 jellies
  A gnoll bouda (D:5)
  5 orc priests
  6 orc wizards
  8 gnolls (D:5)
  13 adders
  2 white imps
  A dart slug (D:4)
  16 orcs
  4 bats
  5 endoplasms
  4 giant cockroaches
  2 hobgoblins
  3 quokkas
  6 ball pythons
  6 frilled lizards
  6 goblins
  6 kobolds
  6 rats
130 creatures vanquished.

Notes
Turn   | Place    | Note
-------+----------+-------------------------------------------
     0 | D:1      | LLlMATKO the Minotaur Berserker began the quest for the
                  | Orb.
     0 | D:1      | Reached XP level 1. HP: 19/19 MP: 0/0
   337 | D:1      | Reached XP level 2. HP: 27/27 MP: 1/1
   952 | D:2      | Found a faded altar of an unknown god.
  1207 | D:2      | Reached XP level 3. HP: 33/33 MP: 2/2
  1888 | D:3      | Reached ** piety under Trog
  1995 | D:3      | Reached XP level 4. HP: 38/40 MP: 3/3
  2034 | D:3      | Found Foghocio's Vocational Training.
  2208 | D:3      | Found a burning altar of Makhleb.
  2231 | D:3      | Found Pihesk's General Store.
  2457 | D:4      | Noticed a scorpion
  2464 | D:4      | Killed a scorpion
  2465 | D:4      | Reached XP level 5. HP: 47/47 MP: 4/4
  2579 | D:4      | Reached skill level 5 in Fighting
  2580 | D:4      | Reached skill level 5 in Axes
  2622 | D:4      | Found a shimmering blue altar of Sif Muna.
  2671 | D:4      | Found the +6 lightning scales {swift, rElec}
  2718 | D:4      | Reached XP level 6. HP: 54/56 MP: 5/5
  2940 | D:4      | Found a hide-covered altar of Uskayaw.
  3034 | D:4      | Found a runed translucent gate.
  3034 | D:4      | Found a runed translucent gate.
  3034 | D:4      | Found a runed translucent gate.
  3041 | D:4      | Noticed zielscheibe's ghost (amateur DsTm)
  3533 | D:5      | Entered Level 5 of the Dungeon
  3533 | D:5      | Found a staircase to the Ecumenical Temple.
  3660 | D:5      | Reached *** piety under Trog
  3661 | D:5      | Reached skill level 5 in Armour
  3847 | D:5      | Reached XP level 7. HP: 7/62 MP: 6/6
  4216 | D:5      | Reached skill level 5 in Dodging
  4289 | D:5      | Found Kuhakoni's Magic Scroll Emporium.
  4334 | D:5      | Found an ornate altar of the Wu Jian Council.
  4478 | D:5      | Reached XP level 8. HP: 71/71 MP: 7/7
  5376 | D:6      | Identified the +3 ring mail of the Big Bang {rN+ Stlth+}
  6004 | D:7      | Found Icuptem's Mass Market.
  6102 | D:7      | Reached XP level 9. HP: 81/81 MP: 8/8
  6113 | D:7      | Found a runed translucent door.
  6114 | D:7      | Found a shimmering altar of Xom.
  6114 | D:7      | Noticed a +1 hand axe of chaos
  6114 | D:7      | Noticed Termiter's ghost (novice DsNe)
  6303 | D:7      | Reached **** piety under Trog
  6480 | D:7      | Noticed a boulder beetle
  6957 | D:7      | Found Dyceut Bous's General Store.
  6964 | D:7      | Bought a +1 pair of boots of flying for 181 gold pieces
  7182 | D:7      | Found Dyceut Bous's General Store.
  7239 | D:7      | Found Icuptem's Mass Market.
  7451 | D:7      | Slain by a boulder beetle

Illustrated notes

Levels and vault maps discovered:
D:1:      grunt_arrival_crossed_arrows, layout_loops_ring
D:2:      layout_loops_corners, shapermc_ecumenical_altar_ellora
D:3:      layout_loops_ring, mainiacjoe_overflow_alcove_2, serial_shops,
          nicolae_shop_trees, kennysheep_big_empty_room, nicolae_shop_vocational
D:4:      layout_loops_ring, eat_drink_and_be_merry_uskayaw,
          mainiacjoe_overflow_alcove_4, gammafunk_ghost_necromancy
D:5:      layout_loops_ring, mainiacjoe_overflow_concentric_impassable,
          minmay_temple_entry_purple_smoke, serial_shops, shop,
          corexii_corridor_pit, nicolae_half_adder
D:6:      layout_loops_corners, minivault_25, kennysheep_generic_room_11
D:7:      layout_gridville, ebering_ghost_xom, serial_shops, shop,
          minmay_shop_mass, minmay_misc_feat_alley, wad_mini_maze

Skill      XL: |  1  2  3  4  5  6  7  8  9 |
---------------+----------------------------+-----
Axes           | 4 5 6 7 8 |  8.7
Fighting       | 4 5 6 7 8 |  8.6
Armour         | 3 4 5 6 7 8 |  8.7
Dodging        | 3 4 5 6 7 |  7.5

Action                     |  1- 3 |  4- 6 |  7- 9 || total
---------------------------+-------+-------+-------++-------
  Melee: Hand axe          |   100 |   102 |   278 ||   480
         Headbutt          |    12 |    16 |    65 ||    93
         Punch             |       |       |     4 ||     4
 Invoke: Berserk           |       |     3 |     3 ||     6
    Use: Scroll            |       |       |     1 ||     1
 Armour: Chain mail        |    47 |    44 |       ||    91
         Plate armour      |       |    22 |   177 ||   199
  Dodge: Dodged            |    36 |    40 |   107 ||   183
  Block: Other             |       |       |    21 ||    21
